 Dungeon Sprint DCSS version 0.27-a0-1245-g940ed4fa31 (webtiles) character file.

Game seed: 16067622140596549393

73 mhtbhm the Gouger (level 4, 0/19 HPs)
             Began as a Felid Transmuter on June 9, 2021.
             Was an Initiate of Okawaru.
             Slain by a tengu conjurer (1 damage)
             ... in the Dungeon (Sprint IX: "|||||||||||||||||||||||||||||").
             The game lasted 00:01:00 (863 turns).

mhtbhm the Gouger (Felid Transmuter)                 Turns: 863, Time: 00:01:01

Health: 0/19       AC:  2    Str:  7    XL:     4   Next: 8%
Magic:  9/11       EV: 27    Int: 14    God:    Okawaru [......]
Gold:   0          SH:  0    Dex: 25    Spells: 1/11 levels left
                                        Lives:  0   Deaths: 1

rFire    . . .     SeeInvis +     - Unarmed
rCold    . . .     Faith    .   (shield unavailable)
rNeg     . . .     Spirit   .   (armour unavailable)
rPois    x         Reflect  .   (helmet unavailable)
rElec    .         Harm     .   (cloak unavailable)
rCorr    .         Rampage  .   (gloves unavailable)
Will     .....     NoTele   +   (boots unavailable)
Stlth    ++........             (no amulet)
HPRegen  0.06/turn              i - +3 ring of dexterity
MPRegen  0.12/turn              j - +2 ring of evasion

@: spider-form
A: venomous fangs, tiny, (claws 1), (fangs 3), see invisible, (speed 1), (shaggy
fur 1), (stealthy paws), no weapons or thrown items, no armour, multi-lived
a: End Transformation, Renounce Religion


You were in the Dungeon.
You worshipped Okawaru.
Okawaru was noncommittal.
You were a venomous arachnid creature.
You visited 1 branch

Inventory:

Jewellery
 i - a +3 ring of dexterity (left front leg)
 j - a +2 ring of evasion (right front leg)
Wands
 h - a wand of acid (10)
Scrolls
 f - 2 scrolls of amnesia
 g - 2 scrolls of blinking
Potions
 a - a potion of invisibility
 b - 5 potions of curing
 c - 3 potions of heal wounds
 d - a potion of haste
 e - 4 potions of magic


   Skills:
 + Level 1.5 Fighting
 + Level 5.5 Dodging
 + Level 8.0 Unarmed Combat
 + Level 4.4 Spellcasting
 + Level 4.5 Transmutations


You had one spell level left.
You knew the following spells:

 Your Spells              Type           Power      Damage    Failure   Level
a - Beastly Appendage     Tmut           30%        N/A       10%         1
b - Wereblood             Tmut           15%        N/A       13%         2
c - Spider Form           Tmut/Pois      4%         N/A       43%         3
d - Ice Form              Ice/Tmut       9%         N/A       78%         4

Your spell library contained the following spells:

 Spells                   Type           Power      Damage    Failure   Level


Dungeon Overview and Level Annotations

Branches:
Dungeon (1/1)

Altars:
Cheibriados
Dithmenos
Elyvilon
Fedhas
Gozag
Hepliaklqana
Kikubaaqudgha
Makhleb
Nemelex Xobeh
Okawaru
Qazlal
Ru
Sif Muna
Trog
Uskayaw
Vehumet
Wu Jian
Xom
Yredelemnul
Zin
The Shining One
Beogh
Jiyva
Lugonu


Innate Abilities, Weirdness & Mutations

You are a venomous arachnid creature.
You have poisonous fangs.
You are tiny and dextrous.
Your spellcasting is less reliable in this form.
((You have sharp claws.))
((You have razor-sharp teeth.))
You have supernaturally acute eyesight. (SInv)
((You cover ground quickly. (Speed+)))
((You are covered in fur. (AC +1)))
((Your paws help you pounce on unaware monsters.))
You are incapable of wielding weapons or throwing items.
You cannot wear armour.
You gain extra lives every three experience levels.


Message History

The spell is potentially lethal to cast (58% risk of failure)!
Continue anyway?
Okay, then.
Casting: Ice Form (potentially lethal; 58% risk of failure)
Confirm with . or Enter, or press ? or * to list all spells.
The spell is potentially lethal to cast (22% risk of failure)!
Continue anyway?
Okay, then.
Casting: Spider Form (potentially lethal; 22% risk of failure)
Confirm with . or Enter, or press ? or * to list all spells.
The spell is potentially lethal to cast (22% risk of failure)!
Continue anyway?
You turn into a venomous arachnid creature.
The orc wizard gestures wildly while chanting.
The orc wizard flickers and vanishes for a moment.
The tengu conjurer completely misses you.
The tengu conjurer closely misses you. The tengu conjurer claws you.
Unknown command.
Okay, then.
You barely miss the tengu conjurer.
The tengu conjurer mumbles some strange words.
The tengu conjurer conjures a globe of magical energy!
A battlesphere comes into view.
The tengu conjurer blocks your attack. The tengu conjurer misses you.
The tengu conjurer pecks you. The tengu conjurer claws you.
You closely miss the tengu conjurer. The tengu conjurer hits you.
* * * LOW HITPOINT WARNING * * *
The tengu conjurer misses you.
The tengu conjurer completely misses you.
You bite the tengu conjurer!
The tengu conjurer looks as sick as possible!
The tengu conjurer is moderately wounded.
You closely miss the tengu conjurer.
The tengu conjurer is moderately wounded.
The tengu conjurer misses you. The tengu conjurer pecks you.
* * * LOW HITPOINT WARNING * * *
The tengu conjurer completely misses you.
Unknown command.
You hit the tengu conjurer.
The tengu conjurer looks as sick as possible!
The tengu conjurer is heavily wounded.
The tengu conjurer hits you.
You die... ▓▓▓▓▓▓▓▓ ▓▓▓▓▓▓▓▓▓▓ †OKooT.Z .OCcocQs.▓ ▓▓▓▓▓▓▓▓▓▓▓▓▓▓▓▓▓.▓ .................*▓ ▓▓▓▓▓▓▓▓▓▓▓▓▓▓▓▓▓▓▓

You could see a centaur warrior, a two-headed ogre, a cyclops, a tengu conjurer (extremely poisoned), a centaur, an orc wizard (invisible) and a battlesphere.

Vanquished Creatures
  An ogre (D)
  An iguana (D)
  An orc wizard (D)
  A gnoll (D)
  An orc (D)
  A hobgoblin (D)
  A jackal (D)
  A quokka (D)
  2 goblins (D)
10 creatures vanquished.

Notes
Turn   | Place    | Note
-------+----------+-------------------------------------------
     0 | D        | mhtbhm the Felid Transmuter began the quest for the Orb.
     0 | D        | Reached XP level 1. HP: 9/9 MP: 4/4
   175 | D        | Noticed an orc wizard
   175 | D        | Noticed an iguana
   175 | D        | Noticed an ogre
   178 | D        | Killed an orc wizard
   179 | D        | Reached skill level 5 in Unarmed Combat
   179 | D        | Reached XP level 2. HP: 12/12 MP: 4/7
   179 | D        | Reached XP level 3. HP: 15/15 MP: 4/8
   184 | D        | Reached skill level 6 in Unarmed Combat
   188 | D        | Killed an ogre
   189 | D        | Reached skill level 5 in Dodging
   189 | D        | Reached skill level 8 in Unarmed Combat
   189 | D        | Reached XP level 4. HP: 17/19 MP: 6/11
   189 | D        | Reached XP level 5. HP: 21/22 MP: 6/12
   232 | D        | Found a snail-covered altar of Cheibriados.
   232 | D        | Found a shadowy altar of Dithmenos.
   232 | D        | Found a white marble altar of Elyvilon.
   232 | D        | Found a blossoming altar of Fedhas.
   232 | D        | Found an opulent altar of Gozag.
   233 | D        | Found a hazy altar of Hepliaklqana.
   234 | D        | Found a viscous altar of Jiyva.
   235 | D        | Found an ancient bone altar of Kikubaaqudgha.
   236 | D        | Found a corrupted altar of Lugonu.
   237 | D        | Found a burning altar of Makhleb.
   238 | D        | Found a sparkling altar of Nemelex Xobeh.
   239 | D        | Found an iron altar of Okawaru.
   240 | D        | Found a stormy altar of Qazlal.
   241 | D        | Found a sacrificial altar of Ru.
   242 | D        | Found a shimmering blue altar of Sif Muna.
   243 | D        | Found a bloodstained altar of Trog.
   244 | D        | Found a hide-covered altar of Uskayaw.
   245 | D        | Found a radiant altar of Vehumet.
   246 | D        | Found an ornate altar of the Wu Jian Council.
   247 | D        | Became a worshipper of Warmaster Okawaru
   248 | D        | Found a shimmering altar of Xom.
   249 | D        | Found a basalt altar of Yredelemnul.
   250 | D        | Found a glowing silver altar of Zin.
   251 | D        | Found a glowing golden altar of the Shining One.
   316 | D        | Learned a level 2 spell: Wereblood
   320 | D        | Learned a level 3 spell: Spider Form
   325 | D        | Learned a level 4 spell: Ice Form
   831 | D        | Noticed a two-headed ogre
   831 | D        | Noticed an orc warrior
   831 | D        | Noticed an orc warrior
   831 | D        | Noticed a troll
   833 | D        | Demolished by a two-headed ogre
   834 | D        | Reached XP level 4. HP: -20/22 MP: 8/11
   856 | D        | Noticed a two-headed ogre
   856 | D        | Noticed a cyclops
   856 | D        | Noticed a centaur warrior
   856 | D        | Noticed a centaur
   856 | D        | Noticed a tengu conjurer
   863 | D        | Slain by a tengu conjurer

Illustrated notes

Levels and vault maps discovered:
D:        linesprint [early_d, line_temple, items_1, d_10, items_2, lair_1,
          lair_end, items_3, orc_1, orc_end, items_4, d_15, swamp_1, shoals_1,
          snake_1, spider_1, d_20, vaults_1, items_5, swamp_end, shoals_end,
          snake_end, spider_end, vaults_end, d_27, items_6, zot_1, zot_end,
          crypt_end, forest_end, elf_end, slime_end, tomb_end, abyss_end,
          pan_hell_end]

Skill      XL: |  1  2  3 |
---------------+----------+-----
Dodging        | 4 5 |  5.5
Unarmed Combat | 5 8 |  8.0
Spellcasting   | 3 4 |  4.4
Transmutations | 3 4 |  4.5
Fighting       | |  1.5

Action                   |  1- 3 |  4- 6 || total
-------------------------+-------+-------++-------
Melee: Unarmed           |    20 |     8 ||    28
       Bite              |     2 |       ||     2
       Headbutt          |     2 |       ||     2
 Cast: Beastly Appendage |     2 |       ||     2
       Spider Form       |       |     1 ||     1
       Ice Form          |       |     1 ||     1
  Use: Potion            |     1 |       ||     1
Dodge: Dodged            |     2 |     9 ||    11

Table legend: (Time is in decaauts)
 A = Elapsed time spent in this place.
 B = Non-inter-level travel time spent in this place.
 C = Inter-level travel time spent in this place.
 D = Time resting spent in this place.
 E = Time spent auto-exploring this place.
 F = Levels seen in this place.
 G = Mean time per level.
                   A        B        C        D        E       F      G
               +--------+--------+--------+--------+--------+-----+--------+
         Total |    849 |    849 |      0 |    730 |     16 |   1 |  849.0 |
       Dungeon |    849 |    849 |      0 |    730 |     16 |   1 |  849.0 |
               +--------+--------+--------+--------+--------+-----+--------+

Top non-repeatable levels by time:
       D: 849 daAuts
